Map: King's Cove LE

Players

Darius

  • Race: Protoss Protoss
  • League: Gold
  • Spawn Location: 11:00

Computer - Winner!

  • Race: Zerg Zerg
  • League: Master
  • Spawn Location: 5:00

VOD

Have the link to the VOD?

Description

Time

  • Played on: Dec. 10, 2024, 9:19 p.m.
  • Length: 15:21
Show
View Real Time Build Order
Export as new Build Order

Darius Protoss 

Build Orders: Oracle Opening 

Get SALT Encoding   

  12  0:00  Probe  
  13  0:12  Probe  
  14  0:19  Pylon  
  14  0:24  Probe  
  15  0:33  Probe  
  15  0:41  Probe  
  16  0:43  Gateway  
  17  0:51  Probe  
  18  1:00  Assimilator  
  18  1:01  Probe  
  18  1:04  Assimilator  
  18  1:09  Probe  
  20  1:27  Probe  
  21  1:37  Cybernetics Core  
  21  1:39  Probe  
  22  1:44  Forge  
  22  1:48  Pylon  
  22  1:51  Probe  
  23  1:57  Zealot  
  25  2:14  Stargate  
  25  2:25  Warp Gate  
  25  2:30  Nexus  
  25  2:34  Probe  
  26  2:40  Stalker  
  28  2:54  Probe  
  29  3:05  Photon Cannon  
  29  3:06  Probe  
  29  3:11  Pylon  
  30  3:19  Oracle  
  30  3:27  Pylon  
  30  3:32  Probe  
  34  3:43  Probe  
  34  3:44  Probe  
  36  3:52  Photon Cannon  
  36  3:53  Shield Battery  
  36  3:55  Probe  
  37  3:56  Probe  
  38  4:06  Oracle  
  38  4:07  Probe  
  39  4:10  Assimilator  
  39  4:14  Assimilator  
  42  4:19  Probe  
  42  4:23  Photon Cannon  
  43  4:26  Protoss Ground Weapons Level 1  
  43  4:31  Stalker  
  45  4:34  Probe  
  46  4:42  Probe  
  46  4:52  Probe  
  48  5:04  Probe  
  49  5:09  Sentry  
  51  5:19  Gateway  
  51  5:21  Gateway  
  51  5:23  Gateway  
  51  5:26  Pylon  
  51  5:30  Pylon  
  51  5:47  Stalker  
  53  5:55  Probe  
  53  5:56  Probe  
  55  6:02  Pylon  
  55  6:07  Probe  
  55  6:08  Probe  
  57  6:20  Robotics Facility  
  57  6:23  Robotics Facility  
  57  6:34  Protoss Ground Armor Level 1  
  57  6:42  Stalker x4  
  65  6:50  Forge  
  65  6:52  Forge  
  65  6:57  Pylon  
  65  6:59  Pylon  
  65  7:24  Protoss Shields Level 1  
  65  7:27  Stalker x2  
  73  7:30  Immortal x2  
  77  7:40  Twilight Council  
  77  7:45  Gateway x2  
  77  7:47  Gateway  
  77  7:48  Pylon  
  77  7:58  Twilight Council  
  77  8:14  Protoss Ground Weapons Level 2, Probe  
  77  8:18  Immortal x2  
  86  8:22  Pylon  
  86  8:26  Probe  
  87  8:28  Robotics Bay  
  87  8:42  Templar Archives  
  87  8:51  Nexus  
  87  8:54  Pylon  
  87  8:56  Pylon  
  87  8:58  Assimilator  
  87  9:00  Assimilator  
  87  9:01  Stalker x2  
  91  9:03  Stalker x2, Pylon  
  91  9:04  Stalker x2  
  91  9:06  Extended Thermal Lance  
  99  9:24  Probe x2  
  101  9:36  Probe x2  
  101  9:38  Protoss Ground Armor Level 2  
  102  9:59  Stalker x3  
  108  10:00  Stalker x4  
  116  10:17  Blink  
  116  10:18  Nexus  
  116  10:20  Phoenix  
  118  10:50  Pylon  
  116  11:00  Observer  
  116  11:01  Observer  
  118  11:04  Stalker x2  
  122  11:16  Assimilator  
  122  11:18  Colossus  
  122  11:20  Photon Cannon  
  122  11:22  Photon Cannon  
  128  11:34  Stalker x2  
  128  11:35  Stalker x2  
  128  11:38  Probe  
  136  11:45  Probe  
  136  11:46  Probe x2  
  140  11:56  Probe  
  140  11:58  Probe x2  
  140  11:59  Stalker x2  
  140  12:00  Stalker  
  149  12:03  Protoss Ground Weapons Level 3  
  149  12:19  Psionic Storm  
  103  13:13  Stalker x3  
  103  13:14  Stalker x4  
  103  13:16  Colossus  
  79  13:40  Probe  
  79  13:42  Probe x2  
  82  13:48  Probe  
  82  13:54  Probe  
  82  13:55  Probe  
  85  14:02  Zealot x5  
  93  14:03  Zealot x2  
  93  14:09  Pylon  
  98  14:29  Stalker x4  
  98  14:30  Stalker x3  
  53  14:48  Dark Shrine  
  51  14:53  Zealot  
  51  14:54  Zealot x4  
  51  14:55  Zealot x2  
Show
View Real Time Build Order
Export as new Build Order

Computer Zerg - Winner!

Build Orders: Hatch First 

Get SALT Encoding   

  12  0:00  Drone  
  13  0:09  Drone  
  14  0:18  Extractor  
  14  0:19  Overlord  
  14  0:37  Drone x2  
  14  0:38  Drone  
  17  0:55  Hatchery  
  16  0:59  Drone  
  17  1:08  Drone  
  18  1:16  Spawning Pool  
  18  1:17  Drone  
  18  1:22  Extractor  
  17  1:25  Overlord  
  17  1:33  Drone  
  18  1:46  Drone  
  19  1:53  Drone  
  20  2:04  Queen  
  20  2:07  Drone  
  23  2:10  Queen  
  23  2:11  Drone  
  26  2:19  Drone x2  
  28  2:25  Metabolic Boost  
  28  2:27  Drone  
  30  2:30  Drone  
  30  2:45  Spore Crawler  
  30  2:46  Drone x2, Spore Crawler  
  30  2:48  Overlord  
  30  2:57  Drone x2  
  32  3:05  Drone  
  33  3:11  Drone  
  34  3:15  Queen  
  34  3:16  Overlord  
  34  3:19  Queen  
  38  3:22  Drone  
  39  3:35  Drone x2  
  41  3:49  Drone x5  
  41  3:52  Hatchery  
  45  3:57  Zergling x2, Extractor  
  45  3:58  Zergling x4  
  47  4:06  Extractor  
  47  4:08  Lair, Extractor  
  45  4:11  Zergling x2  
  45  4:12  Zergling x4, Overlord  
  48  4:28  Drone  
  48  4:29  Drone x3  
  48  4:30  Overlord x3  
  49  4:53  Drone x3  
  52  5:06  Roach Warren, Overseer x2  
  51  5:08  Overseer x3  
  51  5:09  Zergling x2  
  51  5:10  Zergling x14  
  59  5:16  Spine Crawler  
  59  5:20  Drone x2  
  59  5:21  Spine Crawler  
  59  5:24  Queen  
  61  5:33  Spore Crawler  
  60  5:42  Queen  
  60  5:49  Spine Crawler, Drone x3  
  64  5:51  Overlord  
  64  5:58  Roach x3  
  64  6:02  Glial Reconstitution  
  70  6:04  Drone  
  70  6:05  Drone  
  72  6:18  Queen  
  75  6:25  Drone  
  75  6:26  Drone x3  
  75  6:29  Spine Crawler, Evolution Chamber  
  75  6:32  Roach  
  80  6:33  Hydralisk Den, Roach x4  
  85  6:42  Drone  
  85  6:43  Drone  
  87  6:49  Overlord x3  
  87  7:03  Muscular Augments  
  87  7:04  Hydralisk x2  
  87  7:05  Evolution Chamber  
  87  7:06  Overlord x2  
  90  7:39  Hatchery  
  89  7:47  Drone  
  89  7:48  Drone x7  
  89  7:49  Drone x3  
  100  7:55  Hatchery  
  100  7:57  Hatchery  
  98  8:00  Hydralisk  
  98  8:01  Hydralisk x3  
  106  8:07  Grooved Spines  
  106  8:10  Zerg Melee Weapons Level 1  
  106  8:11  Zerg Ground Armor Level 1  
  106  8:16  Drone x3  
  106  8:18  Drone x2  
  106  8:19  Evolution Chamber  
  110  8:25  Hydralisk x3  
  116  8:30  Overseer  
  116  8:38  Drone  
  116  8:39  Drone  
  118  8:42  Drone x5  
  118  8:43  Drone x2  
  125  8:54  Hydralisk  
  125  8:55  Hydralisk x2  
  131  9:02  Zerg Missile Weapons Level 1  
  131  9:10  Infestation Pit  
  130  9:38  Drone  
  130  9:39  Drone x2  
  133  9:53  Drone  
  134  10:00  Spore Crawler  
  134  10:01  Spore Crawler  
  134  10:02  Hive  
  134  10:03  Spore Crawler  
  134  10:06  Spire  
  130  10:08  Drone x3  
  130  10:09  Overlord x3  
  130  10:10  Overlord x3  
  130  10:12  Zerg Melee Weapons Level 2, Zerg Ground Armor Level 2  
  133  10:14  Neural Parasite  
  133  10:15  Infestor x2  
  137  10:24  Extractor x2  
  133  10:54  Hydralisk  
  133  10:55  Infestor x2  
  133  10:56  Zergling x8  
  133  10:57  Zergling x24  
  149  11:13  Drone  
  149  11:18  Extractor x2  
  149  11:21  Drone x2  
  150  11:27  Drone x2  
  150  11:30  Hatchery, Extractor  
  150  11:31  Overlord x2  
  150  11:32  Overlord x3  
  150  11:33  Extractor  
  149  11:40  Ultralisk Cavern  
  149  11:42  Drone x2  
  150  11:51  Zerg Missile Weapons Level 2  
  150  11:53  Adrenal Glands  
  150  11:56  Zerg Flyer Weapons Level 1  
  150  12:13  Infestor x4  
  150  12:15  Hydralisk x3  
  162  12:41  Ultralisk x2  
  162  12:42  Zergling x2  
  162  12:43  Zergling x10  
  172  12:58  Zergling x38  
  154  13:06  Zergling x6  
  157  13:14  Hydralisk  
  154  13:23  Zergling x26  
  154  13:46  Chitinous Plating  
  154  13:50  Ultralisk x3  
  154  13:51  Zergling x2, Ultralisk  
  154  13:52  Zergling x20  
  189  14:18  Hydralisk x3  
  178  14:35  Zergling x16, Hydralisk x3  
  178  14:36  Hydralisk x3  
  192  14:43  Overlord x4  
  191  14:52  Overseer  
  191  14:53  Overseer x4  
Tags
 
Add a new tag
Caveats
  • Supply blocks, unpowered buildings, or Contaminate may cause inaccurate times.
  • Supply counts are checked every 10 seconds.